 Dungeon Crawl Stone Soup version 0.16-a0-3280-g3a29b53 (webtiles) character file.

51 Ololoev the Poker (level 3, 0/29 HPs)
             Began as a Mummy Chaos Knight on Dec 24, 2014.
             Was a Plaything of Xom.
             Slain by a worm (shapeshifter) (5 damage)
             ... on level 2 of the Dungeon.
             The game lasted 00:02:40 (1534 turns).

Ololoev the Poker (Mummy Chaos Knight)              Turns: 1534, Time: 00:02:40

Health: 0/29       AC:  6    Str: 16    XL:     3   Next: 58%
Magic:  3/3        EV: 11    Int: 11    God:    Xom [......]
Gold:   37         SH:  0    Dex: 11    Spells: 0 memorised, 2 levels left

rFire  x . .     SeeInvis .     a - +0 spear (chaos)
rCold  + . .     Clarity  .     b - +2 leather armour
rNeg   + + +     SustAb   .     (no shield)
rPois  ∞         Gourm    .     (no helmet)
rElec  .         Spirit   .     (no cloak)
rCorr  .         Warding  .     d - +0 pair of gloves (curse)
rMut   .         Stasis   .     (no boots)
MR     .....                    (no amulet)
Stlth  +.........               (no ring)
                                (no ring)

@: not resistant to hostile enchantments, very unstealthy
A: no food or potions, fire vulnerability, restore body, cold resistance 1,
negative energy resistance 3, poison resistance, torment resistance, unbreathing
a: Renounce Religion


You were on level 2 of the Dungeon.
You worshipped Xom.
You were a very special plaything of Xom.
You were not hungry.

You visited 1 branch of the dungeon, and saw 2 of its levels.

You collected 37 gold pieces.

Notes
Turn   | Place    | Note
--------------------------------------------------------------
     0 | D:1      | Ololoev, the Mummy Chaos Knight, began the quest for the Orb.
     0 | D:1      | Reached XP level 1. HP: 18/18 MP: 1/1
   254 | D:1      | XOM: divination: detect items
   334 | D:1      | Reached XP level 2. HP: 24/24 MP: 2/2
  1058 | D:2      | Reached XP level 3. HP: 29/29 MP: 3/3
  1136 | D:2      | XOM: summons 3 hostile shadow creatures
  1221 | D:2      | XOM: summons 1 hostile demon
  1521 | D:2      | Noticed a wolf
  1521 | D:2      | a hobgoblin changed into a wolf
  1523 | D:2      | a wolf changed into a worm
  1534 | D:2      | Slain by a worm (shapeshifter)

Inventory:

Hand weapons
 a - a +0 spear of chaos (weapon)
Armour
 b - a +2 leather armour (worn)
 d - a cursed +0 pair of gloves (worn)
Scrolls
 c - a scroll of enchant armour {unknown}
 e - a scroll of identify {unknown}
 f - a scroll of magic mapping {unknown}

Table legend:
 A = Turns spent in this place as a percentage of turns spent in the entire game.
 B = Non-inter-level travel turns spent in this place as a percentage of non-inter-level travel turns spent in the entire game.
 C = Inter-level travel turns spent in this place as a percentage of turns spent in this place.
 D = Turns resting spent in this place as a percentage of non-inter-level travel turns spent in this place.
 E = Turns spent auto-exploring this place as a percentage of non-inter-level travel turns spent in this place.
 F = Non-inter-level travel turns spent in this place divided by the number of levels of this place that you've seen.
                   A       B       C       D       E      F
               +-------+-------+-------+-------+-------+----------------------
         Total | 100.0 | 100.0 |   0.4 |   1.6 |   9.3 | 344.0
       Dungeon | 100.0 | 100.0 |   0.4 |   1.6 |   9.3 | 344.0
               +-------+-------+-------+-------+-------+----------------------


   Skills:
 - Level 3.0 Fighting
 + Level 3.2 Polearms
 + Level 2.4 Armour
 - Level 0.7 Dodging


You had 2 spell levels left.
You didn't know any spells.

Dungeon Overview and Level Annotations

Branches:
Dungeon (2/15)

Altars:


Innate Abilities, Weirdness & Mutations

You do not eat or drink.
Your flesh is vulnerable to fire.
Your flesh is cold resistant.
You are immune to negative energy.
Your system is resistant to poisons.
You are immune to unholy pain and torment.
You can survive without breathing.


Message History

The worm is moderately wounded.
Your goblin zombie hits the worm with a dagger.
The worm bites your goblin zombie!
Your goblin zombie is destroyed!
Attack whom?
Press: ? - help, Dir - move target cursor, f/p - worm
Aim: a worm shaped shifter (moderately wounded)
You reach to attack!
You barely miss the worm.
The worm is moderately wounded.
Attack whom?
Press: ? - help, Dir - move target cursor, f/p - worm
Aim: a worm shaped shifter (moderately wounded)
You reach to attack!
You hit the worm.
The worm suddenly stops moving!
The worm is moderately wounded.
Attack whom?
Press: ? - help, Dir - move target cursor, f/p - worm
Aim: a worm shaped shifter (moderately wounded, paralysed)
You reach to attack!
The helpless worm fails to defend itself.
You hit the worm.
There is a sudden explosion of sparks!
The worm is severely wounded.
The worm is no longer paralysed.
Attack whom?
Press: ? - help, Dir - move target cursor, f/p - worm
Aim: a worm shaped shifter (severely wounded)
You reach to attack!
You hit the worm. You freeze the worm.
The worm is almost dead.
Attack whom?
Press: ? - help, Dir - move target cursor, f/p - worm
Aim: a worm shaped shifter (almost dead)
You reach to attack!
You hit the worm.
You feel better.
The worm is almost dead.
Attack whom?
Press: ? - help, Dir - move target cursor, f/p - worm
Aim: a worm shaped shifter (almost dead)
You completely miss the worm.
The worm is almost dead.
The worm bites you.
You die...
Xom yawns loudly!

#.................#
#.................#
#.................#
##'######.........# #.#
#..[......# #.# #.........#
#.# #.........#
##########.######.........#
.......))w@................
##########.######.#.#.#####
...............%.<.......
########.#####..........#
#<# #...........+ ###
#...........# #............
#.#'#######+# #.#.##.......


You could see a worm shaped shifter.

Table legend:
 A = Kills in this place as a percentage of kills in entire the game.
 B = Kills by you in this place as a percentage of kills by you in the entire game.
 C = Kills by friends in this place as a percentage of kills by friends in the entire game.
 D = Other kills in this place as a percentage of other kills in the entire game.
 E = Experience gained in this place as a percentage of experience gained in the entire game.
 F = Experience gained in this place divided by the number of levels of this place that you have seen.
                   A       B       C       D       E      F
               +-------+-------+-------+-------+-------+----------------------
         Total | 100.0 | 100.0 |  -nan |  -nan | 100.0 |  37.0
       Dungeon | 100.0 | 100.0 |  -nan |  -nan | 100.0 |  37.0
               +-------+-------+-------+-------+-------+----------------------

Vanquished Creatures
  An adder (D:2)
  A white imp (D:2)
  2 worms (D:2)
  A giant gecko (D:1)
  An ooze (D:1)
  3 giant cockroaches
  5 goblins
  3 hobgoblins (D:2)
  4 kobolds
  3 bats
  3 giant newts
  7 rats
34 creatures vanquished.

Vanquished Creatures (others)
  A goblin zombie (D:2)
1 creature vanquished.

Grand Total: 35 creatures vanquished

Action                   || total
-------------------------++-------
Melee: Spear             ||   148
 Stab: Paralysed         ||     1

Vault maps used:
D:1:      scummos_arrival_hexagon, hangedman_decor_clover_reticule, minivault_19
